AoeStats
← NuMa | JuanMan

Arabia

509910985Analyzed
2v2 RM · 4d ago on Sep 28, 2026· 63m 43s· 4 players
Game mode
Random Map
Map size
Medium (4 player)
Population
200
Speed
Normal
Resources
Standard
Victory
Conquest
Starting age
Dark Age
Ending age
Imperial Age
RankedLock teamsTeams togetherTeam positionsShared explorationLock speedFull tech treeHidden civsTurbo modeCheats
Victory
Defeat
🇨🇴 Wei · Colombia
1358
+12
🇨🇴 Saxons · Colombia
1319
+14
🇭🇷 Byzantines · Croatia
1270
-13
1265
-13
Camo
6:04 Loom
9:19 Feudal Age
10:14 Double-Bit Axe
10:25 Horse Collar
16:02 Gold Mining
16:20 Fletching
17:26 Wheelbarrow
17:25 Stone Mining
21:20 Castle Age
20:11 Forging
20:44 Bloodlines
20:42 Scale Barding Armor
21:06 Padded Archer Armor
21:29 Elite Skirmisher
22:06 Bodkin Arrow
22:23 Husbandry
23:20 Leather Archer Armor
23:32 Town Watch
25:20 Chain Barding Armor
28:55 Hand Cart
29:53 Ballistics
30:35 Iron Casting
31:54 Gold Shaft Mining
36:30 Imperial Age
34:14 Murder Holes
35:56 Masonry
36:29 Sanctity
36:56 Heavy Plow
37:35 Stone Shaft Mining
37:15 Bracer
38:49 Chemistry
38:30 Conscription
39:12 Block Printing
39:45 Bow Saw
40:20 Tuntian
42:12 Blast Furnace
42:42 Crop Rotation
41:59 Heavy Hei Guang Cavalry
44:08 Scale Mail Armor
46:09 Fervor
47:03 Ming Guang Armor
48:08 Hoardings
48:49 Light Cavalry
50:01 Chain Mail Armor
50:17 Ring Archer Armor
50:27 Hussar
50:35 Man-at-Arms
51:16 Squires
51:02 Arson
51:33 Thumb Ring
51:14 Long Swordsman
51:15 Pikeman
51:42 Elite Tiger Cavalry
53:57 Caravan
54:29 Treadmill Crane
55:12 Two-Handed Swordsman
60:15 Guard Tower
62:50 Coinage
NuMa | JuanMan
4:56 Loom
9:39 Feudal Age
10:12 Double-Bit Axe
10:01 Man-at-Arms
13:46 Horse Collar
17:26 Padded Archer Armor
18:00 Fletching
18:46 Arson
22:46 Castle Age
21:20 Scale Mail Armor
21:55 Forging
22:01 Gold Mining
23:01 Elite Skirmisher
24:04 Chain Mail Armor
24:25 Wheelbarrow
23:51 Gambesons
24:37 Leather Archer Armor
24:36 Squires
26:37 Iron Casting
31:14 Bow Saw
31:06 Heavy Plow
35:38 Imperial Age
32:45 Crossbowman
34:07 Bodkin Arrow
34:39 Thumb Ring
35:27 Ballistics
35:20 Stone Mining
36:05 Gold Shaft Mining
35:44 Arbalester
37:36 Chemistry
37:19 Bracer
38:09 Capped Ram
39:22 Ring Archer Armor
40:00 Plate Mail Armor
39:54 Shield Wall
40:43 Elite Hearth Troop
41:44 Conscription
44:06 Two-Man Saw
44:15 Town Watch
49:43 Crop Rotation
49:29 Hand Cart
48:52 Clerical Recruitment
50:32 Coinage
50:25 Siege Ram
51:40 Elite Varangian Guard
Maus
11:02 Feudal Age
13:39 Loom
17:21 Fletching
17:59 Double-Bit Axe
28:20 Castle Age
28:05 Wheelbarrow
29:29 Horse Collar
33:20 Heavy Plow
44:15 Ballistics
44:56 Treadmill Crane
47:32 Guard Tower
49:40 Fortified Wall
50:49 Elite Skirmisher
54:03 Padded Archer Armor
61:00 Bodkin Arrow
61:33 Hand Cart
62:11 Thumb Ring
Lorazepam "Hogg Zogg" Salad Dog
7:30 Loom
9:20 Feudal Age
10:12 Double-Bit Axe
13:27 Horse Collar
15:13 Wheelbarrow
15:42 Fletching
20:21 Castle Age
20:27 Crossbowman
21:35 Thumb Ring
22:24 Bow Saw
22:15 Bodkin Arrow
24:16 Scale Mail Armor
24:19 Squires
25:17 Chain Mail Armor
25:57 Chain Mail Armor
27:57 Fortified Wall
27:39 Guard Tower
28:22 Ballistics
28:52 Hand Cart
29:13 Heavy Plow
29:01 Gambesons
30:59 Town Watch
32:14 Forging
34:36 Arson
35:27 Iron Casting
36:00 Town Patrol
38:32 Imperial Age
35:58 Stone Mining
35:59 Gold Mining
37:04 Padded Archer Armor
39:50 Plate Mail Armor
38:51 Elite Varangian Guard
41:19 Chemistry
43:03 Gold Shaft Mining
42:26 Arrowslits
44:29 Bracer
45:36 Shield Wall
48:41 Elite Hearth Troop
51:01 Pikeman
55:44 Conscription
56:34 Leather Archer Armor
57:29 Hoardings
58:16 Crop Rotation
57:22 Halberdier
59:26 Two-Man Saw
61:49 Keep
Connection lost

Rejoining the realm…

Still unreachable

The connection could not be restored.

Session expired

The server has moved on; the page needs a fresh start.